 Dungeon Crawl Stone Soup version 0.25-a0-346-g140ab784a8 (webtiles) character file.

Game seed: 5372809794401110472, levelgen mode: deterministic

151 PentaManta the Sneak (level 5, 0/26 HPs)
             Began as a Vine Stalker Assassin on Jan 1, 2020.
             Slain by a sky beast (4 damage)
             ... on level 3 of the Dungeon.
             The game lasted 00:03:56 (2229 turns).

PentaManta the Sneak (Vine Stalker Assassin)        Turns: 2229, Time: 00:03:57

Health: 0/26       AC:  8    Str: 15    XL:     5   Next: 33%
Magic:  0/6        EV: 10    Int: 11    God:
Gold:   114        SH:  0    Dex: 15    Spells: 4/4 levels left

rFire    . . .     SeeInvis .   a - +2 dagger
rCold    . . .     Gourm    .   (no shield)
rNeg     + . .     Faith    .   t - +0 ring mail
rPois    .         Spirit   +   s - +0 helmet
rElec    .         Reflect  .   c - +0 cloak
rCorr    .         Harm     .   w - +0 pair of gloves
MR       .....                  (no boots)
Stlth    +++.......             (no amulet)
HPRegen  0.48/turn              x - ring of positive energy
MPRegen  0.10/turn              (no ring)

@: no status effects
A: fangs 2, regeneration 1, magic shield, antimagic bite, no potion heal 3, rot
immunity
a: no special abilities


You were on level 3 of the Dungeon.
You were not hungry.

You visited 1 branch of the dungeon, and saw 3 of its levels.

You collected 114 gold pieces.

Inventory:

Hand Weapons
 a - a +2 dagger (weapon)
 o - a +0 short sword
Missiles
 d - 4 poisoned darts (quivered)
 e - a curare-tipped dart
Armour
 c - a +0 cloak (worn)
 s - a +0 helmet (worn)
 t - a +0 ring mail (worn)
 w - a +0 pair of gloves (worn)
Jewellery
 x - a ring of positive energy (left hand)
Scrolls
 b - a scroll of remove curse {unknown}
 g - 2 scrolls of teleportation {unknown}
 i - 6 scrolls of identify {unknown}
 k - a scroll of amnesia {unknown}
 l - 2 scrolls of enchant weapon {unknown}
 n - a scroll of fog {unknown}
 r - a scroll of noise {unknown}
Potions
 h - a potion of heal wounds {unknown}
 j - a potion of haste {unknown}
 m - a potion of ambrosia {unknown}
 p - 2 potions of curing {unknown}
 q - a potion of brilliance {unknown}
 u - a potion of invisibility {unknown}
 v - a potion of agility {unknown}
Comestibles
 f - 3 rations
 z - 3 chunks of flesh


   Skills:
 - Level 1.7 Fighting
 * Level 4.1 Short Blades
 - Level 1.7 Throwing
 - Level 0.7 Dodging
 + Level 6.1 Stealth


You had 4 spell levels left.
You didn't know any spells.
Your spell library was empty.

Dungeon Overview and Level Annotations

Branches:
Dungeon (3/15)

Altars:
Vehumet


Innate Abilities, Weirdness & Mutations

You have extremely sharp teeth.
Your natural rate of healing is unusually fast.
When hurt, damage is shared between your health and your magic reserves.
Your bite disrupts and absorbs the magic of your enemies.
Potions cannot restore your health.
You are immune to rotting.


Message History

You throw a poisoned dart. Something hits you but does no damage.
Throwing (i - inventory. (/) - cycle)
d - 7 poisoned darts (quivered)
Press: ? - help, Shift-Dir - straight line You throw a poisoned dart.
Something hits you. Something shocks you.
Throwing (i - inventory. (/) - cycle)
d - 6 poisoned darts (quivered)
Press: ? - help, Shift-Dir - straight line You throw a poisoned dart.
Something hits you.
* * * LOW HITPOINT WARNING * * *
Something shocks you.
* * * LOW HITPOINT WARNING * * *
A sky beast appears from thin air!
Reactivating autopickup.
Throwing (i - inventory. (/) - cycle)
d - 5 poisoned darts (quivered)
Press: ? - help, Shift-Dir - straight line You throw a poisoned dart.
The poisoned dart barely misses the sky beast.
The sky beast hits you.
* * * LOW HITPOINT WARNING * * *
The sky beast shocks you.
You die...

#...# ..[ ### #.#.# ... ...
..>. .. #># #.# #.. .. ...
#.# #.# #.# ...... #.#
#.####.####.. ....#.# #.#
##............
...#.#####.#######.......(#
#.......#....@Y...รท(###.##
#.........#.####..#.# ....
#.......###.####.##...#.###
#.......# #.##...####.#.#
#.......###.#..#.........
#.............#..........
#........##.###...........
###.##...................#
#### #....##...............
#


You could see a sky beast.

Vanquished Creatures
  3 gnolls
  4 adders
  4 oozes
  A worm (D:2)
  A dart slug (D:1)
  4 leopard geckos
  A ball python (D:2)
  3 bats
  3 giant cockroaches (D:1)
  4 goblins
  3 hobgoblins
  8 jackals
  4 quokkas
  6 frilled lizards
  4 kobolds
  7 rats
60 creatures vanquished.

Notes
Turn   | Place    | Note
-------+----------+-------------------------------------------
     0 | D:1      | PentaManta the Vine Stalker Assassin began the quest for
                  | the Orb.
     0 | D:1      | Reached XP level 1. HP: 11/11 MP: 2/2
   125 | D:1      | Reached skill level 5 in Stealth
   146 | D:1      | Reached XP level 2. HP: 15/15 MP: 3/3
   406 | D:1      | Reached XP level 3. HP: 11/18 MP: 4/4
  1137 | D:2      | Gained mutation: Your natural rate of healing is unusually
                  | fast. [Vine Stalker growth]
  1137 | D:2      | Reached XP level 4. HP: 13/23 MP: 3/5
  1711 | D:2      | Reached skill level 6 in Stealth
  1711 | D:2      | Reached XP level 5. HP: 26/26 MP: 4/6
  2108 | D:3      | Found a radiant altar of Vehumet.
  2202 | D:3      | Noticed a sky beast
  2229 | D:3      | Slain by a sky beast

Levels and vault maps discovered:
D:1:      wheals_arrival_shading, layout_basic, minmay_crystal_room
D:2:      layout_basic
D:3:      kennysheep_goblin_castle, layout_rooms, vehumet_crystals,
          chequers_ecumenical_altar_grove, first_ration

Skill      XL: |  1  2  3  4  5 |
---------------+----------------+-----
Short Blades   | 2 3 4 |  4.1
Stealth        | 5 6 |  6.1
Fighting       | |  1.7
Throwing       | |  1.7
Dodging        | |  0.7

Action                   |  1- 3 |  4- 6 || total
-------------------------+-------+-------++-------
Melee: Dagger            |    82 |   100 ||   182
       Bite              |    19 |    32 ||    51
Throw: Dart              |     2 |     4 ||     6
 Stab: Sleeping          |    11 |     6 ||    17
  Eat: Chunk             |       |     4 ||     4
Armor: Robe              |    11 |     2 ||    13
       Ring mail         |       |    35 ||    35
Dodge: Dodged            |    47 |    47 ||    94

Table legend:
 A = Non-vault XP
 B = Vault XP
 C = Vault XP percentage of total XP
 D = Non-vault monster count
 E = Vault monster count
 F = Vault count percentage of total count
                 A         B        C        D         E       F
            +---------+---------+-------+---------+---------+-------
      Total |     216 |       0 |   0.0 |      60 |       0 |   0.0
            +---------+---------+-------+---------+---------+-------
        D:1 |      75 |       0 |   0.0 |      24 |       0 |   0.0
        D:2 |     112 |       0 |   0.0 |      25 |       0 |   0.0
        D:3 |      29 |       0 |   0.0 |      11 |       0 |   0.0
            +---------+---------+-------+---------+---------+-------
